 Seeded DCSS version 0.30-a0-857-gcaf70739d4 (webtiles) character file.

Game seed: 18242870539230726858 (custom seed)

462 bmack86 the Chopper (level 6, -3/56 HPs)
             Began as a Minotaur Fighter on Mar 6, 2023.
             Was an Initiate of Okawaru.
             Slain by an ogre
             ... wielding a +0 giant club
              (5 damage)
             ... on level 4 of the Dungeon.
             The game lasted 00:08:00 (2814 turns).

bmack86 the Chopper (Minotaur Fighter)              Turns: 2814, Time: 00:08:01

Health: -3/56      AC: 15    Str: 23    XL:     6   Next: 79%
Magic:  5/5        EV:  6    Int:  5    God:    Okawaru [......]
Gold:   141        SH:  4    Dex:  9    Spells: 5/5 levels left

rFire   . . .      SeeInvis .    a - +0 war axe
rCold   . . .      Faith    .    c - +0 buckler
rNeg    . . .      Spirit   .    r - +0 plate armour
rPois   +          Reflect  .    (helmet restricted)
rElec   .          Rampage  .    (no cloak)
rCorr   .                        (no gloves)
Will    .....                    k - +2 pair of boots {Fly} Stlth
                                 p - amulet of regeneration
HPRegen 1.09/turn                j - ring of poison resistance
MPRegen 0.09/turn                (no ring)

@: flying
A: horns 2, retaliatory headbutt
a: Renounce Religion


You were on level 4 of the Dungeon.
You worshipped Okawaru.
Okawaru was noncommittal.
You visited 1 branch of the dungeon, and saw 4 of its levels.

You collected 286 gold pieces.
You spent 145 gold pieces at shops.

Inventory:

Hand Weapons
 a - a +0 war axe (weapon)
Missiles
 x - 2 poisoned darts (quivered)
Armour
 b - a +0 scale mail
 c - a +0 buckler (worn)
 k - a +2 pair of boots of flying (worn)
 r - a +0 plate armour (worn)
Jewellery
 j - a ring of poison resistance (left hand)
 p - an amulet of regeneration (around neck)
Scrolls
 f - a scroll of fear {unknown}
 h - 2 scrolls of vulnerability {unknown}
 i - 7 scrolls of identify
 l - a scroll of enchant weapon {unknown}
 m - a scroll of torment {unknown}
 q - 2 scrolls of teleportation {unknown}
 s - 2 scrolls of immolation {unknown}
 t - a scroll of fog {unknown}
 u - a scroll of poison {unknown}
 v - a scroll of blinking {unknown}
Potions
 d - a potion of might
 e - 2 potions of attraction {unknown}
 g - 3 potions of mutation {unknown}
 n - a potion of invisibility {unknown}
 o - a potion of haste {unknown}
 w - a potion of magic {unknown}


   Skills:
 + Level 5.2 Fighting
 * Level 5.9 Axes
 + Level 0.0 Throwing
 + Level 5.2 Armour
 + Level 5.2 Shields
 + Level 0.0 Invocations


You had 5 spell levels left.
You didn't know any spells.
Your spell library contained the following spells:

 Spells                   Type           Power      Damage    Failure   Level
 Kiss of Death            Conj/Necr      0%         2d5       100%        1
 Magic Dart               Conj           0%         1d3       100%        1
 Confusing Touch          Hex            0%         N/A       100%        3
 Mephitic Cloud           Conj/Pois/Air  0%         N/A       100%        3
 Dispel Undead            Necr           0%         3d6       100%        4
 Call Imp                 Summ           Unusable   N/A       N/A         2

Dungeon Overview and Level Annotations

Branches:
Dungeon (4/15)
 Temple: D:4-7

Altars:
Okawaru
Ru

Shops:
D:1 ((*[*   D:2 *


Innate Abilities, Weirdness & Mutations

You have a pair of horns on your head.
You reflexively headbutt those who attack you in melee.


Message History

You slash the orc!
You kill the orc!
You see here a +0 war axe.
You reach down and open the door.
Found a sacrificial altar of Ru and an iron altar of Okawaru.
There is an open door here.
There is an iron altar of Okawaru here.
You hover solemnly before the altar of Okawaru.
Okawaru welcomes you! As you open the door, it creaks loudly!
There is an open door here.
Found an escape hatch in the ceiling.
An ogre comes into view. It is wielding a +0 giant club.
The ogre shouts!
A goblin comes into view. It is wielding a +0 dagger.
Found a scroll labelled HEGASE REETZ.
The ogre barely misses you.
You barely miss the ogre. You block the ogre's attack.
You slash the ogre! Your headbutt misses the ogre.
The ogre is moderately wounded.
The ogre hits you with a +0 giant club!!
You hit the ogre. Your headbutt misses the ogre.
The ogre is moderately wounded.
You hit the goblin. The goblin hits you but does no damage.
You hit the ogre but do no damage.
The ogre is moderately wounded.
You hit the goblin.
You kill the goblin!
Okawaru accepts your kill. The ogre hits you with a +0 giant club.
You barely miss the ogre. Your headbutt misses the ogre.
The ogre is moderately wounded.
The ogre hits you with a +0 giant club!!
You slash the ogre!
The ogre is heavily wounded.
The ogre hits you with a +0 giant club!!
* * * LOW HITPOINT WARNING * * *
You slash the ogre!
The ogre is almost dead.
The ogre hits you with a +0 giant club.
You die...

#...# #.?.
#...# #....
#...##.....
...#....#
#......#
..<..#
##O).#
#.@.# ##.##
#.# #.# #.#
#.## ##.#
#.## ##.#


You could see an ogre.

Vanquished Creatures
  Sigmund (D:2)
  A phantom (D:3)
  An iguana (D:4)
  7 gnolls
  6 adders
  A worm (D:2)
  A dart slug (D:1)
  5 orcs
  7 ball pythons
  5 endoplasms
  6 giant cockroaches
  13 goblins
  3 hobgoblins
  A quokka (D:2)
  9 bats
  15 frilled lizards
  7 kobolds
  6 rats
95 creatures vanquished.

Vanquished Creatures (others)
  7 plants (D:1)
7 creatures vanquished.

Grand Total: 102 creatures vanquished

Notes
Turn   | Place    | Note
-------+----------+-------------------------------------------
     0 | D:1      | bmack86 the Minotaur Fighter began the quest for the Orb.
     0 | D:1      | Reached XP level 1. HP: 19/19 MP: 0/0
   232 | D:1      | Reached XP level 2. HP: 27/27 MP: 1/1
   233 | D:1      | Found Iczoal's Antique Armour Shop.
   346 | D:1      | Found Mapt's Weapon Shop.
   398 | D:1      | Found Ridunu's General Store.
   421 | D:1      | Bought a scroll of identify for 20 gold pieces
   544 | D:1      | Found Gaux's General Store.
   803 | D:1      | Found Mazynewu's Weapon Shoppe.
   980 | D:2      | Reached XP level 3. HP: 33/33 MP: 2/2
  1035 | D:2      | Noticed Sigmund
  1066 | D:2      | Killed Sigmund
  1067 | D:2      | Reached XP level 4. HP: 7/41 MP: 3/3
  1067 | D:2      | Reached XP level 5. HP: 8/47 MP: 4/4
  1360 | D:2      | Identified the +0 leather armour of Xuytoo {rF++ rN+}
  1527 | D:2      | Reached skill level 5 in Axes
  1563 | D:2      | Found Qerurash's Assorted Antiques.
  1575 | D:2      | Bought a thin malachite amulet for 125 gold pieces
  1822 | D:2      | Reached XP level 6. HP: 55/55 MP: 5/5
  1986 | D:3      | Reached skill level 5 in Fighting
  1986 | D:3      | Reached skill level 5 in Armour
  1986 | D:3      | Reached skill level 5 in Shields
  2782 | D:4      | Found a sacrificial altar of Ru.
  2782 | D:4      | Found an iron altar of Okawaru.
  2791 | D:4      | Became a worshipper of Warmaster Okawaru
  2813 | D:4      | HP: 1/56 [ogre/+0 giant club (19)]
  2814 | D:4      | Slain by an ogre

Illustrated notes

Levels and vault maps discovered:
D:1:      dpeg_arrival_stone_temple_mockup, layout_basic, serial_shops, shop,
          shop_statue, shop_statue, nicolae_shop_advertising_works
          [nicolae_subvault_shop_adworks], nicolae_shop_bloodbath_and_beyond,
          minmay_lizard_king
D:2:      layout_loops_ring, serial_shops, nicolae_lakefront_shop,
          minmay_pentomino_pile, uniq_sigmund
D:3:      layout_loops_ring
D:4:      layout_cave_pods, grunt_gozag_statues,
          mainiacjoe_overflow_divided_tiny

Skill      XL: |  1  2  3  4  5  6 |
---------------+-------------------+-----
Axes           | 3 4 5 |  5.9
Fighting       | 4 5 |  5.2
Armour         | 4 5 |  5.2
Shields        | 4 5 |  5.2

Action                     |  1- 3 |  4- 6 || total
---------------------------+-------+-------++-------
  Melee: War axe           |    69 |   130 ||   199
         Headbutt          |     4 |    21 ||    25
    Use: Scroll            |       |     1 ||     1
 Armour: Scale mail        |    44 |    31 ||    75
         Plate armour      |       |    47 ||    47
  Dodge: Dodged            |    41 |    46 ||    87
  Block: Buckler           |    18 |    32 ||    50

Table legend: (Time is in decaauts)
 A = Elapsed time spent in this place.
 B = Non-inter-level travel time spent in this place.
 C = Inter-level travel time spent in this place.
 D = Time resting spent in this place.
 E = Time spent auto-exploring this place.
 F = Levels seen in this place.
 G = Mean time per level.
                   A        B        C        D        E       F      G
               +--------+--------+--------+--------+--------+-----+--------+
         Total |   2874 |   2723 |    151 |    114 |   1736 |   4 |  718.5 |
       Dungeon |   2874 |   2723 |    151 |    114 |   1736 |   4 |  718.5 |
               +--------+--------+--------+--------+--------+-----+--------+

Top non-repeatable levels by time:
     D:1: 996 daAuts
     D:2: 977 daAuts
     D:3: 646 daAuts
     D:4: 253 daAuts
